 Dungeon Crawl Stone Soup version 0.14-a0-2080-ge317583 (webtiles) character file.

588 Piginabag the Fighter (level 6, -2/62 HPs)
             Began as a Draconian Wanderer on Jan 24, 2014.
             Slain by a black bear (9 damage)
             ... on Level 6 of the Dungeon.
             The game lasted 00:07:52 (4395 turns).

Piginabag the Fighter (Draconian Wanderer)          Turns: 4395, Time: 00:07:53

HP  -2/62        AC  6     Str 16      XL: 6   Next: 71%
MP   7/7         EV 17     Int  8 (12) God:
Gold 146         SH  0     Dex 16      Spells:  0 memorised,  5 levels left

rFire  . . .     SeeInvis .     b - +0 spear
rCold  . . .     Clarity  .     (armour unavailable)
rNeg   . . .     Conserve .     (no shield)
rPois  +         rCorr    .     (helmet restricted)
rElec  .         rRot     .     (no cloak)
SustAb . .       Spirit   .     (no gloves)
rMut   +         Warding  .     (no boots)
Saprov . . .     Stasis   .     q - amulet of resist mutation
MR     .....                    (no ring)
                                m - ring of poison resistance

@: agile, not resistant to hostile enchantments, stealthy
A: unfitting armour, AC +6
a: no special abilities


You were on level 6 of the Dungeon.
You were hungry.

You visited 1 branch of the dungeon, and saw 6 of its levels.

You collected 146 gold pieces.

Inventory:

Hand weapons
 b - a +0,+0 spear (weapon)
Magical devices
 t - a wand of draining (0)
 A - a wand of slowing (10)
Comestibles
 c - 4 meat rations
 d - 5 bread rations
 f - a pear
Scrolls
 g - 3 scrolls of identify
 j - 2 scrolls of teleportation
 l - a scroll of remove curse {unknown}
 n - a scroll of blinking {unknown}
 o - a scroll of noise {unknown}
 p - a scroll of curse weapon {unknown}
 r - a scroll of magic mapping {unknown}
 s - 2 scrolls of fear {unknown}
 v - a scroll of enchant weapon I {unknown}
 z - 2 scrolls of immolation {unknown}
Jewellery
 m - a ring of poison resistance (left hand)
 q - an amulet of resist mutation (around neck)
 w - an uncursed ring of fire {unknown}
Potions
 a - a potion of speed
 e - 2 potions of degeneration
 h - 2 potions of brilliance
 k - 4 potions of curing
Books
 y - the Incunabulum of a Hundred Cities
   (You found it on level 4 of the Dungeon)

   Spells                             Type                      Level
   Shock                              Conjuration/Air              1
   Venom Bolt                         Conjuration/Poison           5
   Lightning Bolt                     Conjuration/Air              5
   Conjure Ball Lightning             Conjuration/Air              6


   Skills:
 + Level 8.8 Fighting
 - Level 1.0 Polearms
   Level 1.0 Crossbows
 - Level 1.0 Dodging
 - Level 1.0 Stealth
   Level 2.0 Invocations
 + Level 0.7 Evocations


You had 5 spell levels left.
You didn't know any spells.

Dungeon Overview and Level Annotations

Branches:
Dungeon (6/16)
 Temple: D:4-7

Altars:
Ashenzari
Makhleb
Trog
Vehumet
Xom

Annotations:
D:4 exclusions: statue and 1 more exclusion, Blork the orc


Message History

The bat misses you. The bat barely misses you.
The black bear closely misses you.
The black bear claws you but does no damage.
The black bear claws you.
* * * LOW HITPOINT WARNING * * *
The crimson imp blinks!
You hit the black bear.
The black bear is almost dead.
The bat misses you. The black bear bites you.
* * * LOW HITPOINT WARNING * * *
The black bear claws you but does no damage.
The black bear misses you.
The black bear bites you but does no damage.
The black bear claws you.
* * * LOW HITPOINT WARNING * * *
The black bear barely misses you.
You hit the black bear.
The black bear is almost dead.
The bat closely misses you. The black bear bites you!
You die...

#### .U.#
.#.### [#...#
..##.# .!..U#
#############
..I.g#
#..5.UIgb@U.#
.....#
#.#########.#
##...###.# #
.....5.5.#
..##.#####
#....# .##..#
...##...
.....#


You could see 2 black bears, an ice beast, a crimson imp, a hobgoblin and a bat.

Vanquished Creatures
  3 ogres
  2 crimson imps (D:5)
  A worker ant (D:5)
  Ijyb (D:3)
  Terence (D:3)
  5 adders
  A giant mite (D:3)
  A worm (D:5)
  2 giant geckos
  An ooze (D:2)
  2 orcs (D:4)
  2 ball pythons (D:3)
  A gnoll zombie (D:5)
  8 hobgoblins
  6 jackals
  4 quokkas
  4 bats
  6 giant cockroaches
  7 goblins
  A hobgoblin skeleton (D:5)
  8 kobolds
  7 rats
74 creatures vanquished.

Vanquished Creatures (others)
  A giant mite (D:1)
1 creature vanquished.

Grand Total: 75 creatures vanquished

Notes
Turn   | Place    | Note
--------------------------------------------------------------
     0 | D:1      | Piginabag, the Draconian Wanderer, began the quest for the Orb.
     0 | D:1      | Reached XP level 1. HP: 22/22 MP: 1/1
   291 | D:1      | Reached XP level 2. HP: 20/28 MP: 2/2
   421 | D:1      | Reached skill level 5 in Fighting
   951 | D:2      | Found a bloodstained altar of Trog.
  1202 | D:2      | Reached XP level 3. HP: 36/36 MP: 3/3
  1880 | D:2      | Reached skill level 6 in Fighting
  2124 | D:2      | Reached XP level 4. HP: 28/44 MP: 5/5
  2501 | D:3      | Noticed Ijyb
  2529 | D:3      | Killed Ijyb
  2763 | D:3      | Noticed Terence
  2773 | D:3      | Killed Terence
  2773 | D:3      | Reached skill level 7 in Fighting
  2773 | D:3      | Reached XP level 5. HP: 33/52 MP: 6/6
  3063 | D:4      | Identified the Incunabulum of a Hundred Cities
  3089 | D:4      | Found a radiant altar of Vehumet.
  3160 | D:4      | Found a shattered altar of Ashenzari.
  3191 | D:4      | Noticed Blork the orc
  3222 | D:4      | Noticed a phantom
  3258 | D:4      | Found a burning altar of Makhleb.
  3259 | D:4      | Noticed an iron devil
  3335 | D:4      | Noticed an ogre
  3337 | D:4      | Killed an ogre
  3338 | D:4      | Noticed an ogre
  3339 | D:4      | Killed an ogre
  3339 | D:4      | Reached skill level 8 in Fighting
  3339 | D:4      | Reached XP level 6. HP: 54/61 MP: 7/7
  3731 | D:4      | Found a shimmering altar of Xom.
  3760 | D:5      | Entered Level 5 of the Dungeon
  4395 | D:6      | Slain by a black bear

Action                   |  1- 3 |  4- 6 || total
-------------------------+-------+-------++-------
Melee: Spear             |   165 |   386 ||   551
Evoke: Wand              |       |    11 ||    11
  Use: Potion            |     1 |     6 ||     7
       Scroll            |       |     2 ||     2
 Stab: Sleeping          |     1 |     3 ||     4
